Map: Stasis LE

Players

DaEliminator

  • Race: Terran Terran
  • Spawn Location: 11:00

A.I. 1 (Elite) - Winner!

  • Race: Zerg Zerg
  • Spawn Location: 1:00

VOD

Have the link to the VOD?

Description

Time

  • Played on: Dec. 5, 2018, 9:01 p.m.
  • Length: 9:10
Show
View Real Time Build Order
Export as new Build Order

DaEliminator Terran 

Build Orders: Gas First Reaper Expand 

Get SALT Encoding   

  12  0:00  SCV  
  13  0:13  SCV  
  14  0:18  Supply Depot  
  14  0:25  SCV  
  15  0:30  Refinery  
  15  0:41  Barracks  
  15  0:46  SCV  
  16  0:58  SCV  
  17  1:10  SCV  
  18  1:22  SCV  
  19  1:35  Command Center  
  19  1:39  Orbital Command  
  19  1:43  Reaper  
  20  1:49  Refinery  
  20  2:04  SCV  
  21  2:24  Refinery  
  21  2:28  Refinery  
  21  2:30  Factory  
  21  2:34  SCV  
  22  2:40  Barracks Reactor  
  22  2:47  Orbital Command, SCV  
  23  2:59  SCV  
  24  3:15  Factory Tech Lab  
  24  3:17  Starport  
  24  3:18  Marine x2  
  24  3:19  SCV  
  28  3:20  SCV  
  28  3:31  SCV  
  28  3:32  SCV  
  30  3:37  Siege Tank  
  30  3:39  Marine x2  
  35  3:47  SCV  
  36  3:49  Supply Depot, SCV  
  37  3:57  Fusion Core  
  37  4:01  SCV  
  38  4:10  Medivac, SCV  
  38  4:15  SCV  
  42  4:18  Factory Tech Lab  
  42  4:21  Supply Depot  
  42  4:22  Supply Depot  
  42  4:28  SCV  
  42  4:29  SCV  
  44  4:43  Siege Tank  
  49  4:49  Battlecruiser  
  49  4:50  SCV  
  49  4:52  SCV  
  55  5:01  Starport  
  55  5:03  SCV  
  56  5:09  SCV, Armory  
  57  5:16  SCV  
  57  5:18  Siege Tank  
  61  5:23  Supply Depot  
  61  5:24  Supply Depot  
  61  5:31  SCV  
  62  5:45  SCV x2  
  64  5:52  Armory  
  64  5:57  Battlecruiser  
  70  6:04  Battlecruiser  
  76  6:07  Factory Tech Lab  
  76  6:08  SCV  
  77  6:11  SCV  
  77  6:17  Terran Vehicle And Ship Armor Level 1  
  78  6:27  Command Center  
  78  6:45  Terran Ship Weapons Level 1  
  78  6:48  Supply Depot  
  78  6:51  Supply Depot x2  
  78  7:02  Barracks  
  78  7:03  Barracks  
  78  7:09  Marine x2  
  78  7:10  Siege Tank, SCV x2  
  85  7:21  Battlecruiser  
  91  7:23  Battlecruiser  
  91  7:29  Supply Depot  
  97  7:54  Starport  
  97  8:06  Marine x3  
  97  8:11  Orbital Command  
  99  8:29  Refinery x2  
  99  8:39  SCV x2  
Show
View Real Time Build Order
Export as new Build Order

A.I. 1 (Elite) Zerg - Winner!

Build Orders: Pool First 

Get SALT Encoding   

  12  0:00  Drone  
  13  0:12  Overlord  
  13  0:18  Drone  
  14  0:31  Drone x2  
  16  0:42  Spawning Pool  
  16  0:45  Drone  
  16  0:50  Drone  
  17  1:13  Hatchery  
  17  1:14  Drone  
  17  1:18  Extractor  
  17  1:19  Drone  
  17  1:24  Drone  
  18  1:28  Drone  
  19  1:38  Overlord  
  19  1:49  Drone  
  19  1:50  Queen  
  22  2:00  Zergling x2  
  23  2:11  Drone  
  24  2:21  Drone  
  25  2:26  Queen  
  25  2:27  Roach Warren  
  25  2:28  Extractor  
  25  2:32  Drone  
  26  2:38  Drone  
  26  2:42  Drone  
  28  2:46  Drone  
  28  2:49  Drone  
  30  2:53  Zergling x2  
  30  2:58  Zergling x2  
  32  3:02  Overlord  
  32  3:05  Drone  
  33  3:08  Drone  
  33  3:12  Roach  
  36  3:20  Roach x2  
  36  3:25  Roach  
  42  3:32  Lair  
  42  3:37  Overlord  
  42  3:42  Overlord  
  42  3:44  Zergling x2  
  42  3:47  Zergling x2  
  43  3:55  Zergling x2, Drone  
  46  3:57  Drone  
  46  3:59  Drone  
  46  4:02  Drone  
  49  4:05  Drone  
  49  4:09  Overlord  
  50  4:13  Roach  
  52  4:18  Roach  
  52  4:21  Roach  
  56  4:24  Roach  
  56  4:28  Overlord  
  58  4:34  Hydralisk Den, Drone  
  58  4:37  Drone  
  59  4:39  Drone  
  59  4:42  Roach  
  59  4:45  Roach  
  64  4:52  Spore Crawler  
  63  4:55  Spore Crawler  
  62  5:00  Queen  
  62  5:04  Hydralisk  
  66  5:07  Hydralisk  
  66  5:12  Overlord  
  68  5:14  Overseer  
  68  5:15  Drone  
  68  5:17  Drone  
  68  5:18  Drone  
  71  5:22  Drone  
  71  5:23  Drone  
  71  5:25  Drone  
  71  5:28  Drone  
  75  5:30  Drone  
  75  5:33  Overlord  
  75  5:35  Drone  
  77  5:38  Drone  
  77  5:39  Drone  
  77  5:41  Drone  
  80  5:43  Drone  
  80  5:45  Drone  
  80  5:46  Drone  
  83  5:53  Infestation Pit  
  83  5:56  Overlord  
  82  5:58  Drone  
  82  6:01  Drone  
  83  6:06  Drone  
  81  6:14  Metabolic Boost  
  81  6:17  Evolution Chamber  
  78  6:19  Hydralisk  
  78  6:22  Hydralisk  
  78  6:25  Hatchery  
  75  6:31  Infestor  
  74  6:35  Drone  
  74  6:36  Drone  
  74  6:38  Drone  
  72  6:40  Drone  
  72  6:42  Drone  
  72  6:43  Zerg Melee Weapons Level 1  
  72  6:44  Drone  
  72  6:46  Drone  
  70  6:48  Drone  
  70  6:51  Drone  
  69  6:54  Drone  
  69  6:57  Drone  
  69  7:00  Drone  
  70  7:06  Hydralisk, Drone  
  66  7:12  Hydralisk  
  65  7:16  Drone  
  65  7:19  Drone  
  65  7:21  Drone  
  64  7:24  Drone  
  64  7:28  Drone  
  65  7:31  Drone  
  65  7:35  Drone  
  62  7:49  Infestor, Drone x2  
  62  7:50  Roach  
  62  8:06  Hydralisk  
  62  8:09  Hydralisk  
  62  8:12  Drone  
  65  8:14  Drone  
  65  8:16  Zergling x2  
  65  8:18  Drone  
  61  8:20  Drone  
  61  8:22  Zergling x2  
  56  8:27  Roach  
  56  8:29  Roach  
  56  8:32  Roach  
  56  8:33  Roach  
  59  8:35  Roach  
  59  8:39  Zergling x2  
  59  8:40  Hydralisk  
  59  8:41  Overseer  
  54  8:48  Zergling x2  
  44  9:10  Hatchery  
Tags
 
Add a new tag
Caveats
  • Supply blocks, unpowered buildings, or Contaminate may cause inaccurate times.
  • Supply counts are checked every 10 seconds.